 Dungeon Crawl Stone Soup version 0.31-a0-263-ge8cad7f256 (webtiles) character file.

Game seed: 8276005945252247067

89 qw the Shooter (level 4, -7/26 HPs)
             Began as a Gargoyle Hexslinger on July 13, 2023.
             Mangled by an ogre
             ... wielding a +0 giant club
              (18 damage)
             ... on level 3 of the Dungeon.
             The game lasted 00:00:52 (2001 turns).

qw the Shooter (Gargoyle Hexslinger)                Turns: 2001, Time: 00:00:52

Health: -7/26      AC:  8    Str: 11    XL:     4   Next: 55%
Magic:  5/5        EV: 10    Int: 14    God:
Gold:   169        SH:  0    Dex: 14    Spells: 4/5 levels left

rFire   . . .        Y - +1 sling
rCold   . . .        (no shield)
rNeg    + . .        g - +0 ring mail
rPois   inf          (no helmet)
rElec   +            (no cloak)
rCorr   .            (no gloves)
SInv    .            (no boots)
Will    .....        (no amulet)
Stlth   +            (no ring)
HPRegen 0.24/turn    (no ring)
MPRegen 0.09/turn

%: no passive effects
@: no status effects
A: sickness immunity, AC +3, negative energy resistance 1, electricity
resistance, torment resistance 1, petrification resistance
a: no special abilities


You were on level 3 of the Dungeon.
You visited 1 branch of the dungeon, and saw 4 of its levels.

You collected 169 gold pieces.


Innate Abilities, Weirdness & Mutations

You are immune to sickness and miasma.
Your stone body is resilient. (AC +3)
You are immune to poison.
You resist negative energy. (rN+)
You are resistant to electric shocks. (rElec)
You are resistant to unholy torment.
You are immune to petrification.


   Skills:
 - Level 2.0 Fighting
 + Level 4.1 Ranged Weapons
 - Level 1.0 Armour
 - Level 1.5 Dodging
 - Level 1.0 Spellcasting
 - Level 2.6 Hexes


You had 4 spell levels left.
You knew the following spells:

 Your Spells              Type           Power      Damage    Failure   Level
a - Slow                  Hex            32%        N/A       21%         1

Your spell library contained the following spells:

 Spells                   Type           Power      Damage    Failure   Level
 Inner Flame              Hex/Fire       4%         N/A       71%         3
 Portal Projectile        Hex/Tloc       8%         N/A       71%         3
 Cause Fear               Hex            4%         N/A       90%         4

Inventory:

Hand Weapons
 Y - a +1 sling (weapon)
Armour
 g - a +0 ring mail (worn)
Jewellery
 d - a ring of ice
Scrolls
 a - 2 scrolls of teleportation
 i - a scroll of enchant armour
Potions
 b - a potion of resistance {unknown}
 c - a potion of invisibility {unknown}
 e - a potion of haste {unknown}
 f - a potion of degeneration {unknown}
 h - a potion of berserk rage {unknown}

Dungeon Overview and Level Annotations

Branches:
Dungeon (4/15)
 Temple: D:4-7

Altars:


Message History

Done exploring.
(D) Dungeon
Where to? (* - list waypoints, Enter - D:3, ? - help)
What level of the Dungeon? (default 1, ? - help)
There is a stone staircase leading down here.
You climb downwards.
The goblin shouts!
Found a stone staircase leading up.
There is a stone staircase leading up here.
A goblin is nearby!
Waypoint 3 assigned to D:4.
You shoot a sling bullet. The sling bullet hits the goblin!
You kill the goblin!
An ogre comes into view. It is wielding a +0 giant club.
You shoot a sling bullet. The sling bullet hits the ogre.
The ogre is lightly wounded.
You shoot a sling bullet. The sling bullet hits the ogre.
The ogre is moderately wounded.
You shoot a sling bullet. The sling bullet hits the ogre.
The ogre is moderately wounded.
The ogre hits you with a +0 giant club!
Ouch! That really hurt!
1999 ||| STAIRDANCE You climb upwards.
There is a stone staircase leading down here.
Enter note:
Enter note:
Enter note:
Enter note:
Enter note:
Enter note:
Enter note:
Enter note:
Enter note: You shoot a sling bullet.
The sling bullet hits the ogre but does no damage.
The ogre is moderately wounded.
The ogre hits you with a +0 giant club!!
Ouch! That really hurt!
You die...

..)#...###########<###.# #.
...###.............##..# #.
...######.....#######.##### #.
#.......##.##.#### #......# #.
#.......##.......###..###.# ##
........##.............##+###
........##.......####.......#
........##.........##.......#
........##.....O@#.##.......#
##########.......#.###+##.####
#########.....###.###.##....#
#......##.....# #......#....#
#......######.# ########....#
#......# #.### #......####
##......# #...# #.######
.....)).# ###.# #.# ##......#
#.# #.#


You could see an ogre.

Vanquished Creatures
  2 adders (D:3)
  2 worms (D:2)
  A dart slug (D:3)
  2 orcs (D:3)
  5 ball pythons
  3 endoplasms (D:1)
  9 goblins
  6 hobgoblins
  4 jackals (D:3)
  6 kobolds
  A quokka (D:2)
  5 bats
  7 frilled lizards
  7 rats
60 creatures vanquished.

Notes
Turn   | Place    | Note
-------+----------+-------------------------------------------
     0 | D:1      | qw the Gargoyle Hexslinger began the quest for the Orb.
     0 | D:1      | Reached XP level 1. HP: 12/12 MP: 2/2
     0 | D:1      | 0 ||| qw: Version: 0.3-a-52-g30416fa
     0 | D:1      | 0 ||| qw: Game counter: 7470
     0 | D:1      | 0 ||| qw: Melee chars always use a shield: true
     0 | D:1      | 0 ||| qw: God list: Okawaru
     0 | D:1      | 0 ||| qw: Allow faded altars: false
     0 | D:1      | 0 ||| qw: Do Orc after clearing Dungeon:15 true
     0 | D:1      | 0 ||| qw: Do second Lair branch before Depths: true
     0 | D:1      | 0 ||| qw: Lair rune preference: random
     0 | D:1      | 0 ||| qw: Goals: Normal
     0 | D:1      | 0 ||| PLANNING D:1-11
    41 | D:1      | Found a faded altar of an unknown god.
    96 | D:1      | Reached XP level 2. HP: 16/16 MP: 3/3
   240 | D:1      | Reached skill level 3 in Ranged Weapons
   737 | D:1      | 737 ||| UPGRADING to +0 ring mail.
   747 | D:1      | 747 ||| DROPPING +0 robe.
   748 | D:1      | 748 ||| READING 2 scrolls labelled TISHRA NYLAAZAM.
   752 | D:1      | 752 ||| DROPPING scroll of poison.
   774 | D:2      | Reached XP level 3. HP: 21/21 MP: 4/4
  1368 | D:2      | 1368 ||| READING scroll labelled JEBRIE HASSA.
  1522 | D:3      | Reached XP level 4. HP: 23/26 MP: 5/5
  1576 | D:3      | Reached skill level 4 in Ranged Weapons
  1763 | D:3      | Reached skill level 1 in Armour
  1968 | D:3      | 1968 ||| READING 3 scrolls labelled HOLINA VOTAOW.
  1969 | D:3      | 1969 ||| READING scroll labelled KEACLOCUIQAPS.
  1970 | D:3      | 1970 ||| DROPPING 2 scrolls of fear.
  1995 | D:4      | Noticed an ogre
  1999 | D:4      | 1999 ||| STAIRDANCE
  2001 | D:3      | Mangled by an ogre

Levels and vault maps discovered:
D:1:      minmay_arrival_jagged, layout_basic, ebering_ecumenical_altar_box,
          hex_intersection
D:2:      layout_basic, st_stairs_6
D:3:      layout_basic
D:4:      layout_basic, nicolae_shop_i_like_big_books, dreamdust_wishing_well,
          dk_noncrumbling_4, uniq_edmund

Skill      XL: |  1  2  3  4 |
---------------+-------------+-----
Ranged Weapons | 3 4 |  4.1
Fighting       | 2 |  2.0
Armour         | 1 |  1.0
Dodging        | |  1.5
Spellcasting   | |  1.0
Hexes          | |  2.6

Action                     |  1- 3 |  4- 6 || total
---------------------------+-------+-------++-------
   Fire: Sling             |   172 |    40 ||   212
    Use: Scroll            |     2 |     2 ||     4
 Armour: Robe              |     9 |       ||     9
         Ring mail         |    44 |     7 ||    51
  Dodge: Dodged            |    45 |     5 ||    50

Table legend:
 A = Non-vault XP
 B = Vault XP
 C = Vault XP percentage of total XP
 D = Non-vault monster count
 E = Vault monster count
 F = Vault count percentage of total count
                 A         B        C        D         E       F
            +---------+---------+-------+---------+---------+-------
      Total |     126 |       2 |   1.6 |      58 |       2 |   3.3
            +---------+---------+-------+---------+---------+-------
        D:1 |      31 |       0 |   0.0 |      20 |       0 |   0.0
        D:2 |      36 |       2 |   5.3 |      19 |       2 |   9.5
        D:3 |      57 |       0 |   0.0 |      18 |       0 |   0.0
        D:4 |       2 |       0 |   0.0 |       1 |       0 |   0.0
            +---------+---------+-------+---------+---------+-------
